 Dungeon Crawl Stone Soup version 0.19.0-19-g8c6edcc (webtiles) character file.

116 JustSomeDude the Caller (level 5, -7/42 HPs)
             Began as a Tengu Summoner on Nov 13, 2016.
             Killed by divine providence
             ... invoked by an orc priest
              (14 damage)
             ... on level 3 of the Dungeon.
             The game lasted 00:18:13 (3775 turns).

JustSomeDude the Caller (Tengu Summoner)            Turns: 3775, Time: 00:18:13

Health: -7/42      AC: 22    Str:  9    XL:     5   Next: 0%
Magic:  3/10       EV:  2    Int: 16    God:
Gold:   161        SH:  0    Dex: 14    Spells: 2 memorised, 7 levels left

rFire  . . .     SeeInvis .     p - +0 spear
rCold  . . .     Gourm    .     (armour currently unavailable)
rNeg   + + +     Faith    .     (no shield)
rPois  +         Spirit   .     (helmet currently unavailable)
rElec  .         Reflect  .     (cloak currently unavailable)
rCorr  .         Harm     .     (gloves currently unavailable)
MR     .....     NoTele   +     (boots unavailable)
Stlth  ++........               (no amulet)
                                (no ring)
                                (no ring)

@: tree-form
A: (beak), (talons 0), able to fly 1
a: Fly


You were on level 3 of the Dungeon.
You were hungry.
You were a tree.
You visited 1 branch of the dungeon, and saw 3 of its levels.

You collected 161 gold pieces.

Inventory:

Hand Weapons
 p - a +0 spear (weapon)
Missiles
 i - a throwing net (quivered)
Armour
 a - a +0 robe (melded)
Jewellery
 u - a cursed ring of resist corrosion {unknown}
Scrolls
 d - a scroll of recharging {unknown}
 e - a scroll of immolation {unknown}
 f - a scroll of teleportation {unknown}
 h - 5 scrolls of identify {unknown}
 j - 4 scrolls of noise {unknown}
 l - a scroll of blinking {unknown}
 m - a scroll of amnesia {unknown}
 o - a scroll of remove curse {unknown}
 r - 2 scrolls of fear {unknown}
 t - 4 scrolls of enchant armour {unknown}
 v - a scroll of magic mapping {unknown}
Potions
 g - 2 potions of lignification
 k - 3 potions of curing {unknown}
 q - a potion of cure mutation {unknown}
Books
 b - a book of Callings

   Spells                             Type                      Level
   a - Summon Small Mammal            Summoning                    1
   b - Call Imp                       Summoning                    2
   c - Call Canine Familiar           Summoning                    3
   d - Summon Guardian Golem          Hexes/Summoning              3
   e - Summon Lightning Spire         Summoning/Air                4
   f - Summon Ice Beast               Ice/Summoning                4
Comestibles
 c - 2 bread rations
 n - 10 fruits


   Skills:
 + Level 1.2 Polearms
 + Level 2.3 Dodging
 + Level 2.1 Stealth
 + Level 3.1 Spellcasting
 + Level 6.1 Summonings


You had 7 spell levels left.
You knew the following spells:

 Your Spells              Type           Power        Failure   Level  Hunger
a - Summon Small Mammal   Summ           ###.         1%          1    None
b - Call Imp              Summ           ###.....     2%          2    ##.....


Dungeon Overview and Level Annotations

Branches:
Dungeon (3/15)

Altars:
Kikubaaqudgha
Okawaru
Trog


Innate Abilities, Weirdness & Mutations

((You have a beak for a mouth.))
((You have claws for feet.))
You can fly.


Message History

Your crimson imp hits the orc but does no damage.
The orc priest calls upon Beogh to heal the orc.
The orc's wounds heal themselves!
The orc hits you but does no damage.
Your crimson imp hits the orc.
Attack whom?
Press: ? - help, Dir - move target cursor, f/p - orc priest
Aim: an orc priest, wearing a leather armour (almost dead)
You hit the orc priest.
The orc priest is almost dead.
The orc priest barely misses you.
Your crimson imp closely misses the orc.
The orc hits you but does no damage.
Attack whom?
Press: ? - help, Dir - move target cursor, f/p - orc priest
Aim: an orc priest, wearing a leather armour (almost dead)
You closely miss the orc priest.
The orc priest is almost dead.
The orc priest invokes the aid of Beogh against you.
Beogh smites you!
You die...

##......# #.###..# #. #(.#
# #..# #..# #..#
..######..# ########
..........# #..o.o5.
#########♣#########.######
#oo5........#
#############


You could see an orc priest, an orc and a friendly crimson imp.

Vanquished Creatures
  2 adders
  2 dart slugs
  An orc (D:3)
  2 giant cockroaches
  4 goblins
  A hobgoblin (D:1)
  2 quokkas (D:2)
  A frilled lizard (D:2)
  A kobold (D:1)
16 creatures vanquished.

Vanquished Creatures (collateral kills)
  Robin (D:2)
  3 gnolls (D:2)
  3 adders
  An ooze (D:1)
  A worm (D:3)
  A leopard gecko (D:3)
  5 orcs (D:3)
  A giant cockroach (D:2)
  16 goblins
  8 hobgoblins
  3 jackals (D:3)
  5 bats
  A frilled lizard (D:3)
  5 kobolds
  4 rats
58 creatures vanquished.

Grand Total: 74 creatures vanquished

Notes
Turn   | Place    | Note
-------+----------+-------------------------------------------
     0 | D:1      | JustSomeDude the Tengu Summoner began the quest for the Orb.
     0 | D:1      | Reached XP level 1. HP: 10/10 MP: 4/4
   104 | D:1      | Reached skill level 5 in Summonings
   588 | D:1      | Reached XP level 2. HP: 15/15 MP: 0/6
   849 | D:1      | Learned a level 2 spell: Call Imp
  1752 | D:2      | Reached XP level 3. HP: 16/19 MP: 1/7
  1795 | D:2      | Noticed Robin
  1910 | D:2      | Killed Robin
  2483 | D:2      | Reached XP level 4. HP: 23/24 MP: 3/9
  2487 | D:2      | Found an ancient bone altar of Kikubaaqudgha.
  2978 | D:2      | Reached skill level 6 in Summonings
  3489 | D:3      | Found a faded altar of an unknown god.
  3548 | D:3      | Found a bloodstained altar of Trog.
  3549 | D:3      | Found an iron altar of Okawaru.
  3629 | D:3      | Reached skill level 1 in Polearms
  3736 | D:3      | Gained mutation: You can fly. [Tengu growth]
  3736 | D:3      | Reached XP level 5. HP: 28/28 MP: 1/10
  3775 | D:3      | Killed from afar by an orc priest

Skill      XL: |  1  2  3  4 |
---------------+-------------+-----
Summonings     | 5 6 |  6.1
Spellcasting   | 3 |  3.1
Polearms       | 1 |  1.2
Dodging        | |  2.3
Stealth        | |  2.1

Action                   |  1- 3 |  4- 6 || total
-------------------------+-------+-------++-------
Melee: Unarmed           |    38 |       ||    38
       Kick              |     8 |     5 ||    13
       Peck              |     7 |     4 ||    11
       Spear             |     4 |    55 ||    59
Throw: Throwing net      |     1 |       ||     1
 Cast: Summon Small Mamm |   116 |    69 ||   185
       Call Imp          |     1 |     3 ||     4
  Use: Potion            |       |     1 ||     1
 Stab: Sleeping          |     1 |       ||     1
       Distracted        |       |     3 ||     3
  Eat: Chunk             |     4 |     5 ||     9
       Fruit             |     1 |       ||     1
Armor: Robe              |    11 |     2 ||    13
       Skin              |       |    18 ||    18
Dodge: Dodged            |    46 |    33 ||    79
